 Dungeon Crawl Stone Soup version 0.20-a0-656-g9b0dcd9 (webtiles) character file.

40 Chiseanne the Ducker (level 3, -1/18 HPs)
             Began as a Spriggan Gladiator on Feb 16, 2017.
             Slain by an orc
             ... wielding a +0 flail
              (8 damage)
             ... on level 2 of the Dungeon.
             The game lasted 00:02:20 (1596 turns).

Chiseanne the Ducker (Spriggan Gladiator)           Turns: 1596, Time: 00:02:21

Health: -1/18      AC:  2    Str: 10    XL:     3   Next: 30%
Magic:  4/4        EV: 20    Int:  9    God:
Gold:   102        SH:  6    Dex: 18    Spells: 2/2 levels left

rFire    . . .     SeeInvis +   a - +0 long sword
rCold    . . .     Gourm    .   b - +0 robe
rNeg     . . .     Faith    .   i - +0 buckler
rPois    .         Spirit   .   c - +0 hat
rElec    .         Reflect  .   (no cloak)
rCorr    .         Harm     .   (gloves unavailable)
MR       .....                  (boots unavailable)
Stlth    ++........             (no amulet)
Regen    0.1/turn               (no ring)
MPRegen  0.1/turn               (no ring)

@: very quick
A: unfitting armour, see invisible, herbivore 3, speed 3, slow metabolism 2
a: no special abilities


You were on level 2 of the Dungeon.
You were not hungry.

You visited 1 branch of the dungeon, and saw 2 of its levels.

You collected 102 gold pieces.

Inventory:

Hand Weapons
 a - a +0 long sword (weapon)
Missiles
 d - 3 throwing nets (quivered)
 e - 73 arrows
 h - 25 stones
 r - 8 tomahawks
Armour
 b - a +0 robe (worn)
 c - a +0 hat (worn)
 i - a +0 buckler (worn)
Scrolls
 g - a scroll of amnesia
 j - 2 scrolls of identify
 l - a scroll of recharging
 p - a scroll of teleportation
 s - a scroll of remove curse
 u - 3 scrolls of fear {unknown}
 v - a scroll of noise {unknown}
Potions
 k - 3 potions of heal wounds
 m - 2 potions of might
 n - a potion of curing
 o - 2 potions of mutation {unknown}
 t - a potion of agility {unknown}
Comestibles
 f - 3 bread rations
 q - a royal jelly


   Skills:
 + Level 1.8 Fighting
 - Level 2.4 Long Blades
 - Level 2.0 Throwing
 * Level 5.5 Dodging
 * Level 1.2 Shields


You had 2 spell levels left.
You didn't know any spells.

Dungeon Overview and Level Annotations

Branches:
Dungeon (2/15)

Altars:


Innate Abilities, Weirdness & Mutations

You are very small and have problems with some larger weapons.
You are too small for most types of armour.
You have supernaturally acute eyesight. (SInv)
You are a herbivore.
You cover ground extremely quickly.
You need consume almost no food.


Message History

The orc is severely wounded.
The orc misses you.
You riposte.
You hit the orc.
You kill the orc!
An orc comes into view. It is wielding a flail.
The orc shouts!
An orc priest comes into view. It is wielding a falchion.
The orc priest shouts!
You hear a shout!
You block the orc's attack.
You see here an orc corpse.
You barely miss the orc. You block the orc's attack.
You barely miss the orc.
The orc priest casts a cantrip, but nothing happens.
The orc misses you.
You riposte.
You barely miss the orc.
An orc comes into view. It is wielding a club.
You closely miss the orc.
The orc priest invokes the aid of Beogh against you.
Beogh smites you!
Ouch! That really hurt!
The orc hits you with a flail!
You die...

#.##.#.#.#.#####...........#
#.##.##.##.# #.###########
#..........# #.#
############ #.# #.....# #.#
#.###.# #.# #.###.#####.#
#..<#.##.##.#
#.#....@#.#†############
#.....##o##.#..........#
##.#####o#....##.#.###.#
#.#####o...%.##.#.# #.#
#.#..........##.#.# #.#
#.#.###.........#.# #.# #.#
####.#.####.# #.# #.# #.#.#
#.# #.#
########.#.######.#.####.#
#..


You could see an orc priest and 2 orcs.

Vanquished Creatures
  A worm (D:2)
  2 dart slugs (D:1)
  A leopard gecko (D:2)
  An orc (D:2)
  4 giant cockroaches
  3 goblins
  2 hobgoblins
  4 bats
  8 kobolds
  5 rats
31 creatures vanquished.

Notes
Turn   | Place    | Note
-------+----------+-------------------------------------------
     0 | D:1      | Chiseanne the Spriggan Gladiator began the quest for the Orb.
     0 | D:1      | Reached XP level 1. HP: 10/10 MP: 2/2
   205 | D:1      | Reached skill level 5 in Dodging
   211 | D:1      | Reached XP level 2. HP: 15/15 MP: 3/3
   646 | D:1      | Reached skill level 1 in Shields
   866 | D:2      | Reached XP level 3. HP: 15/18 MP: 4/4
  1596 | D:2      | Slain by an orc

Vault maps used:
D:1:      dpeg_arrival_water_altar
D:2:      first_bread

Skill      XL: |  1  2 |
---------------+-------+-----
Dodging        | 5 |  5.5
Shields        | 1 |  1.2
Fighting       | |  1.8
Long Blades    | |  2.4
Throwing       | |  2.0

Action                   || total
-------------------------++-------
Melee: Long sword        ||    83
  Use: Scroll            ||     7
 Stab: Sleeping          ||     1
Armor: Robe              ||     3
Dodge: Dodged            ||    61
Block: Buckler           ||    21
       Rpst.: Long sword ||    24
